 Dungeon Crawl Stone Soup version 0.29-a0-284-gf9362112df (webtiles) character file.

Game seed: 17702093787276416379

208 avis the Sneak (level 5, 0/34 HPs)
             Began as an Octopode Transmuter on Mar 21, 2022.
             Succumbed to miscasting Spider Form's poison
             ... on level 3 of the Dungeon.
             The game lasted 00:16:38 (3649 turns).

avis the Sneak (Octopode Transmuter)                Turns: 3649, Time: 00:16:38

Health: 0/34       AC:  1    Str: 11    XL:     5   Next: 86%
Magic:  4/8        EV: 13    Int: 16    God:
Gold:   186        SH:  0    Dex: 12    Spells: 4/8 levels left

rFire   . . .      SeeInvis .   a - +4 whip (venom)
rCold   . . .      Faith    .   (no shield)
rNeg    . . .      Spirit   .   (helmet currently unavailable)
rPois   .          Reflect  .   (no amulet)
rElec   .          Harm     .   (no ring)
rCorr   .          Rampage  .   (no ring)
Will    .....                   (no ring)
Stlth   ++++......              (no ring)
HPRegen 0.11/turn               (no ring)
MPRegen 0.11/turn               (no ring)
                                (no ring)
                                (no ring)

@: lethally poisoned (0 -> -5), appendages (expiring), very slightly
contaminated
A: tentacle spike 3, almost no armour, amphibious, 8 rings, camouflage 1,
gelatinous body 1, (nimble swimmer 1), tentacles
a: End Transformation


You were on level 3 of the Dungeon.
One of your tentacles had grown a beastly spike.
You visited 1 branch of the dungeon, and saw 4 of its levels.

You collected 186 gold pieces.

Inventory:

Hand Weapons
 a - a +4 whip of venom (weapon)
 n - a +3 trident
 o - a +0 shortbow
Missiles
 f - 6 poisoned darts
 g - 73 stones
 j - 2 throwing nets
Magical Staves
 d - a staff of earth
Wands
 u - a wand of charming (7)
Scrolls
 b - a scroll of magic mapping {unknown}
 h - a scroll of torment {unknown}
 i - 2 scrolls of enchant armour {unknown}
 l - 3 scrolls of teleportation {unknown}
 p - 2 scrolls of noise {unknown}
 q - a scroll of immolation {unknown}
 s - a scroll of identify {unknown}
 x - a scroll of blinking {unknown}
Potions
 c - 2 potions of lignification
 e - a potion of flight {unknown}
 k - 2 potions of berserk rage {unknown}
 m - 2 potions of haste {unknown}
 r - 2 potions of cancellation {unknown}
 t - a potion of brilliance {unknown}
 v - 3 potions of heal wounds {unknown}
 w - a potion of curing {unknown}
 z - a potion of mutation {unknown}
 A - 2 potions of attraction {unknown}


   Skills:
 - Level 2.0 Fighting
 - Level 3.0 Dodging
 - Level 6.0 Stealth
 - Level 3.0 Unarmed Combat
 - Level 2.0 Spellcasting
 - Level 2.0 Transmutations
 - Level 1.0 Earth Magic
 * Level 1.3 Poison Magic


You had 4 spell levels left.
You knew the following spells:

 Your Spells              Type           Power      Damage    Failure   Level
a - Beastly Appendage     Tmut           16%        N/A       9%          1
p - Spider Form           Tmut/Pois      6%         N/A       30%         3

Your spell library contained the following spells:

 Spells                   Type           Power      Damage    Failure   Level
 Wereblood                Tmut           8%         N/A       14%         2
 Animate Skeleton         Necr           2%         N/A       21%         1
 Apportation              Tloc           2%         N/A       21%         1
 Slow                     Hex            4%         N/A       21%         1
 Summon Small Mammal      Summ           4%         N/A       21%         1
 Ignite Poison            Fire/Tmut/Pois 5%         N/A       36%         3
 Confusing Touch          Hex            1%         N/A       52%         3
 Conjure Flame            Conj/Fire      1%         6-21      52%         3
 Vampiric Draining        Necr           1%         2d6       52%         3
 Ice Form                 Ice/Tmut       4%         N/A       80%         4
 Sticky Flame             Conj/Fire      1%         2d3       90%         4


Dungeon Overview and Level Annotations

Branches:
Dungeon (4/15)
 Temple: D:4-7

Altars:
Ashenzari
Cheibriados
Dithmenos
Nemelex Xobeh
Wu Jian
Xom

Shops:
D:1 *


Innate Abilities, Weirdness & Mutations

One of your tentacles has grown a beastly spike.
You cannot wear most types of armour.
You are amphibious.
You can wear up to eight rings at the same time.
Your skin changes colour to match your surroundings (Stealth+).
Your rubbery body absorbs attacks. (AC +1, EV +1)
((You are camouflaged when in or above water. (Stealth+)))
You have tentacles for arms and can constrict up to eight enemies at once.


Message History

Found a barding and a scroll labelled ZEC UD PITULIHO.
You see here a pink potion.
v - 3 pink potions (gained 1)
Your transformation is almost over.
There is a stone staircase leading up here.
The phantom hits you.
You climb upwards.
Your tentacle spike disappears.
There is a stone staircase leading down here.
You hit the phantom. Your squeeze misses the phantom.
The phantom is lightly damaged.
The phantom hits you.
Casting: Beastly Appendage (safe; 9% risk of failure)
Confirm with . or Enter, or press ? or * to list all spells.
One of your tentacles grows a vicious spike.
Your transformation is almost over.
The phantom misses you.
You closely miss the phantom. You squeeze the phantom.
The phantom is moderately damaged.
The phantom hits you!
The phantom blinks!
You blink.
You hit the phantom.
Your tentacle spike misses the phantom.
The phantom is heavily damaged.
The phantom closely misses you.
Unknown command.
You barely miss the phantom.
Your tentacle spike misses the phantom.
The phantom is moderately damaged.
The phantom hits you. x2; The phantom blinks!
You blink.
You barely miss the phantom.
Your tentacle spike misses the phantom.
The phantom is moderately damaged.
The phantom barely misses you.
Okay, then.
Casting: Beastly Appendage (safe; 9% risk of failure)
Confirm with . or Enter, or press ? or * to list all spells.
The spell is quite dangerous to miscast (30% risk of failure)!
Continue anyway?
You miscast Spider Form.
You are very lightly contaminated with residual magic.
You feel rather nauseous for a moment!
You are poisoned.
* * * LOW HITPOINT WARNING * * *
You die...

#........##..#.#####.########
#.##.##......#.##........##
#.##.##........##.#.......###
#...<##.###.#####..#<#.......
#..####.###.### #.##.#†######
#.............# #..#.#.#.....
#.............# #.#....#.....
#...####....>W# #......'.....
#.....##....@.# ####.#.#.....
#...#.##§>....# #....######
##.##.##.###### #.#........
#.......# #.#....####
####.#### #.###### #......#
#########.# #.##.#.#
#.......#.#
#.##.#.###.#####.#.#
#.##....##.##.)....#


You could see a phantom.

Vanquished Creatures
  An orc priest (D:3)
  3 gnolls (D:3)
  6 adders
  2 worms
  3 dart slugs
  5 orcs (D:3)
  8 endoplasms
  6 giant cockroaches
  A goblin (D:4)
  6 hobgoblins
  2 jackals (D:3)
  6 kobolds
  2 quokkas
  7 ball pythons
  8 bats
  3 frilled lizards
  9 rats
78 creatures vanquished.

Notes
Turn   | Place    | Note
-------+----------+-------------------------------------------
     0 | D:1      | avis the Octopode Transmuter began the quest for the Orb.
     0 | D:1      | Reached XP level 1. HP: 13/13 MP: 3/3
    16 | D:1      | Reached skill level 1 in Stealth
   365 | D:1      | Found a faded altar of an unknown god.
   383 | D:1      | Reached skill level 2 in Stealth
   530 | D:1      | Reached XP level 2. HP: 18/18 MP: 3/5
   649 | D:1      | Reached skill level 3 in Stealth
  1066 | D:1      | Reached XP level 3. HP: 15/24 MP: 4/6
  1326 | D:1      | Found Reigeq's Assorted Antiques.
  1811 | D:2      | Reached skill level 1 in Earth Magic
  2200 | D:2      | Reached skill level 4 in Stealth
  2200 | D:2      | Reached XP level 4. HP: 26/29 MP: 7/7
  2211 | D:2      | Learned a level 3 spell: Spider Form
  2607 | D:3      | Reached skill level 5 in Stealth
  2852 | D:3      | Reached XP level 5. HP: 34/34 MP: 6/8
  2858 | D:3      | Reached skill level 6 in Stealth
  3005 | D:3      | Reached skill level 1 in Poison Magic
  3503 | D:3      | Found a shadowy altar of Dithmenos.
  3503 | D:3      | Found a snail-covered altar of Cheibriados.
  3503 | D:3      | Found an ornate altar of the Wu Jian Council.
  3503 | D:3      | Found a shimmering altar of Xom.
  3519 | D:3      | Found a sparkling altar of Nemelex Xobeh.
  3519 | D:3      | Found a broken altar of Ashenzari.
  3631 | D:4      | Noticed a phantom
  3649 | D:3      | Succumbed to miscasting Spider Form's poison

Illustrated notes

Levels and vault maps discovered:
D:1:      minmay_arrival_checkered_box, layout_basic,
          ebering_ecumenical_altar_box, serial_shops, nicolae_shop_stone
D:2:      layout_basic, wander_ebering_terrifying_dragon_lair
D:3:      layout_loops_cross, minmay_overflow_temple_hex, nrook_mini_vaults,
          minmay_misc_feat_cross, amcnicky_mini_pool_small, serial_bayou_pond_d
D:4:      layout_basic

Skill      XL: |  1  2  3  4  5 |
---------------+----------------+-----
Stealth        | 2 3 4 5 6 |  6.0
Fighting       | 2 |  2.0
Earth Magic    | 1 |  1.0
Dodging        | 3 |  3.0
Poison Magic   | 1 |  1.3
Unarmed Combat | |  3.0
Spellcasting   | |  2.0
Transmutations | |  2.0

Action                   |  1- 3 |  4- 6 || total
-------------------------+-------+-------++-------
Melee: Unarmed           |    16 |       ||    16
       Kick              |    14 |    18 ||    32
       Tentacles         |    11 |     9 ||    20
       Constrict         |    12 |    18 ||    30
       Whip              |    44 |    68 ||   112
       Punch             |     1 |     1 ||     2
 Cast: Beastly Appendage |    27 |    24 ||    51
 Stab: Sleeping          |     6 |    12 ||    18
Armor: Skin              |     1 |     2 ||     3
Dodge: Dodged            |    29 |    30 ||    59

Table legend: (Time is in decaauts)
 A = Elapsed time spent in this place.
 B = Non-inter-level travel time spent in this place.
 C = Inter-level travel time spent in this place.
 D = Time resting spent in this place.
 E = Time spent auto-exploring this place.
 F = Levels seen in this place.
 G = Mean time per level.
                   A        B        C        D        E       F      G
               +--------+--------+--------+--------+--------+-----+--------+
         Total |   3663 |   3437 |    226 |   1153 |   1516 |   4 |  915.8 |
       Dungeon |   3663 |   3437 |    226 |   1153 |   1516 |   4 |  915.8 |
               +--------+--------+--------+--------+--------+-----+--------+

Top non-repeatable levels by time:
     D:1: 1773 daAuts
     D:3: 1041 daAuts
     D:2: 813 daAuts
     D:4: 35 daAuts
